 Dungeon Crawl Stone Soup version 0.31-a0-188-g5e087ee2ca (webtiles) character file.

Game seed: 2600083354575824111

257 qw the Skirmisher (level 5, -2/30 HPs)
             Began as a Deep Elf Hunter on June 23, 2023.
             Was an Initiate of Okawaru.
             Slain by a scorpion (3 damage)
             ... on level 4 of the Dungeon.
             The game lasted 00:01:09 (2714 turns).

qw the Skirmisher (Deep Elf Hunter)                 Turns: 2714, Time: 00:01:09

Health: -2/30      AC: 11    Str: 10    XL:     5   Next: 93%
Magic:  7/7        EV: 11    Int: 14    God:    Okawaru [......]
Gold:   141        SH:  0    Dex: 18    Spells: 4/4 levels left

rFire   + . .        Y - +0 shortbow
rCold   . . .        (shield currently unavailable)
rNeg    . . .        b - +0 ring mail
rPois   .            (no helmet)
rElec   .            i - +0 cloak
rCorr   .            c - +0 pair of gloves
SInv    .            (no boots)
Will    .....        (no amulet)
Stlth   +            e - ring of protection from fire
HPRegen 0.25/turn    h - +4 ring of protection
MPRegen 0.10/turn

%: no passive effects
@: lethally poisoned (-2 -> -6), about to teleport
A: no striking features
a: Renounce Religion


You were on level 4 of the Dungeon.
You worshipped Okawaru.
Okawaru was noncommittal.
You visited 2 branches of the dungeon, and saw 5 of its levels.

You collected 141 gold pieces.


   Skills:
 - Level 2.1 Fighting
 + Level 9.0 Ranged Weapons
 - Level 1.0 Armour
 - Level 2.4 Dodging
 - Level 1.2 Stealth


You had 4 spell levels left.
You didn't know any spells.
Your spell library was empty.

Inventory:

Hand Weapons
 Y - a +0 shortbow (weapon)
Armour
 b - a +0 ring mail (worn)
 c - a +0 pair of gloves (worn)
 i - a +0 cloak (worn)
Jewellery
 e - a ring of protection from fire (left hand)
 h - a +4 ring of protection (right hand)
Scrolls
 a - a scroll of identify
Potions
 d - a potion of haste
 f - a potion of curing

Dungeon Overview and Level Annotations

Branches:
Dungeon (4/15)             Temple (1/1) D:4

Altars:
Ashenzari
Dithmenos
Elyvilon
Fedhas
Gozag
Hepliaklqana
Kikubaaqudgha
Makhleb
Nemelex Xobeh
Okawaru
Qazlal
Ru
Trog
Uskayaw
Vehumet
Wu Jian
Yredelemnul
Zin

Annotations:
D:4 Robin


Message History

You shoot an arrow. The arrow barely misses the scorpion.
The scorpion barely misses you.
You shoot an arrow. The arrow barely misses the scorpion.
The scorpion stings you but does no damage.
The goblin hits you with a +0 club. The goblin hits you with a +0 dagger.
You shoot an arrow. The arrow hits the scorpion.
The scorpion is moderately wounded.
The scorpion stings you but does no damage.
The goblin hits you but does no damage. x2
You shoot an arrow.
The arrow hits the scorpion but does no damage.
The scorpion is moderately wounded.
The scorpion stings you but does no damage.
The goblin barely misses you. The goblin misses you. The scorpion stings you.
You are poisoned.
The scorpion poisons you!
You shoot an arrow. The arrow barely misses the scorpion.
You feel very sick. The goblin closely misses you.
The scorpion barely misses you. The goblin hits you but does no damage.
You shoot an arrow. The arrow hits the scorpion.
The scorpion is moderately wounded.
You feel sick.
You hear a shout!
The howler monkey hoots and howls with incredible vigour!
The scorpion stings you. The goblin closely misses you.
The goblin hits you but does no damage.
2713 ||| READING scroll of teleportation.
As you read the scroll of teleportation, it crumbles to dust.
You feel strangely unstable.
You feel sick.
The howler monkey hoots and howls with incredible vigour!
The scorpion barely misses you. The goblin hits you with a +0 club.
The goblin closely misses you.
The howler monkey hoots and howls with incredible vigour!
You hear a shout!
You hear an angry hiss.
You shoot an arrow. The arrow hits the scorpion!
The scorpion is almost dead.
You feel sick. The scorpion stings you.
You die...

<(.!. #.........gg
#.........g
#.........#
############.........#
.....#.....#...B..g..#
......:##.##.##s##h..#
.......#........@#)?.#
..<.............ggh#
......(#..}...}..###
.......#.........###
......|...).>..)...#
.......#.........#....
.......#..}...}..##...
...................#..
#####.##.........#....


You could see a scorpion, a howler monkey (catching breath), a giant cockroach
and 2 goblins.

Vanquished Creatures
  3 orc priests
  Natasha (twice) (D:2)
  4 gnolls
  2 adders (D:3)
  A dart slug (D:1)
  5 orcs (D:3)
  3 endoplasms
  5 giant cockroaches
  5 goblins
  4 hobgoblins
  3 kobolds
  5 quokkas
  3 ball pythons (D:2)
  5 bats
  3 frilled lizards
  6 rats
59 creatures vanquished.

Notes
Turn   | Place    | Note
-------+----------+-------------------------------------------
     0 | D:1      | qw the Deep Elf Hunter began the quest for the Orb.
     0 | D:1      | Reached XP level 1. HP: 12/12 MP: 3/3
     0 | D:1      | 0 ||| qw: Version: 0.3-a-9-g12657ce
     0 | D:1      | 0 ||| qw: Game counter: 3324
     0 | D:1      | 0 ||| qw: Always use a shield: true
     0 | D:1      | 0 ||| qw: God list: Okawaru
     0 | D:1      | 0 ||| qw: Allow faded altars: false
     0 | D:1      | 0 ||| qw: Do Orc after D:15 true
     0 | D:1      | 0 ||| qw: Do second Lair branch before Depths: true
     0 | D:1      | 0 ||| qw: Lair rune preference: random
     0 | D:1      | 0 ||| qw: Plans: Normal
     0 | D:1      | 0 ||| PLANNING D:1-11
    10 | D:1      | 10 ||| DROPPING scroll of butterflies.
   102 | D:1      | Reached skill level 6 in Ranged Weapons
   102 | D:1      | Reached XP level 2. HP: 16/16 MP: 4/4
   181 | D:1      | 181 ||| UPGRADING to +0 ring mail.
   194 | D:1      | 194 ||| DROPPING +0 leather armour.
   420 | D:1      | Reached XP level 3. HP: 20/20 MP: 5/5
   470 | D:1      | 470 ||| READING scroll labelled HEWUR VOSH.
   475 | D:1      | 475 ||| READING scroll labelled HOIGAR JEIFUIVU.
   476 | D:1      | 476 ||| READING scroll labelled ANKOCOZOSS.
   549 | D:2      | Identified the staff of Extermination {rC+ Str+4 Ice}
   760 | D:2      | Reached skill level 7 in Ranged Weapons
   811 | D:2      | 811 ||| FLEEEEING.
   812 | D:2      | 812 ||| FLEEEEING.
   813 | D:2      | 813 ||| FLEEEEING.
   814 | D:2      | 814 ||| FLEEEEING.
   815 | D:2      | 815 ||| FLEEEEING.
   816 | D:2      | 816 ||| FLEEEEING.
   817 | D:2      | 817 ||| FLEEEEING.
   818 | D:2      | 818 ||| FLEEEEING.
   819 | D:2      | 819 ||| FLEEEEING.
   820 | D:2      | 820 ||| FLEEEEING.
   821 | D:2      | 821 ||| FLEEEEING.
   822 | D:2      | 822 ||| FLEEEEING.
   823 | D:2      | 823 ||| FLEEEEING.
   824 | D:2      | 824 ||| FLEEEEING.
   825 | D:2      | 825 ||| FLEEEEING.
   826 | D:2      | 826 ||| FLEEEEING.
   827 | D:2      | 827 ||| FLEEEEING.
   828 | D:2      | 828 ||| FLEEEEING.
   829 | D:2      | 829 ||| FLEEEEING.
   830 | D:2      | 830 ||| FLEEEEING.
   831 | D:2      | 831 ||| FLEEEEING.
   832 | D:2      | 832 ||| FLEEEEING.
   833 | D:2      | 833 ||| FLEEEEING.
   834 | D:2      | 834 ||| FLEEEEING.
   835 | D:2      | 835 ||| FLEEEEING.
   836 | D:2      | 836 ||| FLEEEEING.
   837 | D:2      | 837 ||| FLEEEEING.
   838 | D:2      | 838 ||| FLEEEEING.
   839 | D:2      | 839 ||| FLEEEEING.
   841 | D:2      | 841 ||| FLEEEEING.
   842 | D:2      | 842 ||| FLEEEEING.
   843 | D:2      | 843 ||| FLEEEEING.
   844 | D:2      | 844 ||| FLEEEEING.
   845 | D:2      | 845 ||| FLEEEEING.
   846 | D:2      | 846 ||| STAIRDANCE
   867 | D:1      | 867 ||| READING scroll labelled MAQUTHRO HIST.
   868 | D:1      | 868 ||| READING scroll labelled CABA KUUCWO.
   871 | D:2      | 871 ||| STAIRDANCE
   876 | D:1      | Reached XP level 4. HP: 13/25 MP: 6/6
  1158 | D:2      | Noticed Natasha
  1163 | D:2      | HP: 6/25 [Natasha (5)]
  1164 | D:2      | Killed Natasha
  1165 | D:2      | Reached skill level 8 in Ranged Weapons
  1392 | D:2      | 1392 ||| UPGRADING to +0 pair of gloves.
  1412 | D:2      | Noticed Natasha
  1414 | D:2      | Killed Natasha
  1557 | D:3      | Reached XP level 5. HP: 24/29 MP: 7/7
  2144 | D:3      | 2144 ||| UPGRADING to ring of protection from fire.
  2145 | D:3      | 2145 ||| UPGRADING to +4 ring of protection.
  2146 | D:3      | 2146 ||| DRINKING 2 puce potions.
  2147 | D:3      | 2147 ||| READING 2 scrolls of identify.
  2147 | D:3      | 2147 ||| IDENTIFYING blue potion
  2179 | D:4      | Found a staircase to the Ecumenical Temple.
  2180 | D:4      | 2180 ||| PLANNING TEMPLE
  2180 | D:4      | 2180 ||| UPGRADING to +0 cloak.
  2200 | D:4      | Reached skill level 9 in Ranged Weapons
  2200 | D:4      | 2200 ||| FLEEEEING.
  2201 | D:4      | 2201 ||| FLEEEEING.
  2202 | D:4      | 2202 ||| FLEEEEING.
  2203 | D:4      | 2203 ||| FLEEEEING.
  2204 | D:4      | 2204 ||| FLEEEEING.
  2205 | D:4      | 2205 ||| FLEEEEING.
  2206 | D:4      | 2206 ||| FLEEEEING.
  2207 | D:4      | 2207 ||| FLEEEEING.
  2208 | D:4      | 2208 ||| FLEEEEING.
  2209 | D:4      | 2209 ||| FLEEEEING.
  2210 | D:4      | 2210 ||| STAIRDANCE
  2243 | D:4      | 2243 ||| STAIRDANCE
  2249 | D:4      | 2249 ||| STAIRDANCE
  2304 | D:4      | 2304 ||| STAIRDANCE
  2304 | D:4      | HP: 2/29 [orc priest/divine providence (15)]
  2306 | D:3      | 2306 ||| READING 2 scrolls of teleportation.
  2470 | D:4      | 2470 ||| STAIRDANCE
  2474 | D:4      | 2474 ||| STAIRDANCE
  2478 | D:4      | 2478 ||| STAIRDANCE
  2482 | D:4      | 2482 ||| STAIRDANCE
  2486 | D:4      | 2486 ||| STAIRDANCE
  2539 | D:4      | Reached skill level 1 in Armour
  2597 | Temple   | Entered the Ecumenical Temple
  2600 | Temple   | 2600 ||| PLANNING OKAWARU WORSHIP
  2685 | Temple   | Became a worshipper of Warmaster Okawaru
  2686 | Temple   | 2686 ||| PLANNING D:1-11
  2701 | D:4      | Noticed Robin
  2706 | D:4      | 2706 ||| Stepping ~*~*~tactically~*~*~ (outnumbered).
  2712 | D:4      | HP: 7/30 [scorpion (2)]
  2713 | D:4      | 2713 ||| READING scroll of teleportation.
  2713 | D:4      | HP: 3/30 [goblin/+0 club[Robin] (3)]
  2714 | D:4      | HP: 1/30 [poisoned by a scorpion]
  2714 | D:4      | Slain by a scorpion

Levels and vault maps discovered:
D:1:      beargit_arrival_greenhouse, layout_rooms, due_unseen_surprise
D:2:      layout_loops_ring, uniq_natasha
D:3:      layout_basic, grunt_ministairs_2
D:4:      black_bear_nest_2, layout_rooms, doesnt_xom_only_xom,
          minmay_temple_entry_large_hall, ebering_ghost_disaster_area,
          uniq_pargi, uniq_edmund, uniq_robin
Temple:   dpeg_three_leaves_temple

Skill      XL: |  1  2  3  4  5 |
---------------+----------------+-----
Ranged Weapons | 6 7 8 9 |  9.0
Fighting       | 2 |  2.1
Armour         | 1 |  1.0
Dodging        | |  2.4
Stealth        | |  1.2

Action                     |  1- 3 |  4- 6 || total
---------------------------+-------+-------++-------
   Fire: Shortbow          |    99 |    99 ||   198
    Use: Scroll            |     5 |     3 ||     8
         Potion            |       |     1 ||     1
 Armour: Leather armour    |     1 |       ||     1
         Ring mail         |     8 |    22 ||    30
  Dodge: Dodged            |    19 |    19 ||    38

Table legend:
 A = Non-vault XP
 B = Vault XP
 C = Vault XP percentage of total XP
 D = Non-vault monster count
 E = Vault monster count
 F = Vault count percentage of total count
                 A         B        C        D         E       F
            +---------+---------+-------+---------+---------+-------
      Total |     318 |      50 |  13.6 |      56 |       3 |   5.1
            +---------+---------+-------+---------+---------+-------
        D:1 |      57 |       0 |   0.0 |      17 |       0 |   0.0
        D:2 |      95 |      35 |  26.9 |      23 |       1 |   4.2
        D:3 |      80 |      13 |  14.0 |      13 |       1 |   7.1
        D:4 |      86 |       2 |   2.3 |       3 |       1 |  25.0
            +---------+---------+-------+---------+---------+-------
